 Dungeon Crawl Stone Soup version 0.31-a0-1395-g7c67ea8c80 (webtiles) character file.

Game seed: 11687532648859989488

103 Bnni the Digger (level 5, -4/38 HPs)
             Began as a Formicid Earth Elementalist on Dec 25, 2023.
             Killed from afar by Sigmund (8 damage)
             ... with a magic dart
             ... on level 3 of the Dungeon.
             The game lasted 00:04:07 (2205 turns).

Bnni the Digger (Formicid Earth Elementalist)       Turns: 2205, Time: 00:04:07

Health: -4/38      AC:  2    Str: 13    XL:     5   Next: 6%
Magic:  5/9        EV: 12    Int: 16    God:
Gold:   66         SH:  0    Dex: 14    Spells: 3/9 levels left

rFire   . . .        j - +0 short sword
rCold   . . .        (no shield)
rNeg    . . .        a - +0 robe
rPois   .            (helmet unavailable)
rElec   .            (no cloak)
rCorr   .            (no gloves)
SInv    +            (no boots)
Will    .....        (no amulet)
Stlth   ++           (no ring)
HPRegen 0.26/turn    (no ring)
MPRegen 0.11/turn

%: no passive effects
@: invisible
A: permanent stasis, dig shafts and tunnels, antennae 3, four strong arms
a: Dig, Shaft Self


You were on level 3 of the Dungeon.
You visited 1 branch of the dungeon, and saw 3 of its levels.

You collected 66 gold pieces.

Inventory:

Hand Weapons
 j - a +0 short sword (weapon)
Missiles
 m - 2 throwing nets
Armour
 a - a +0 robe (worn)
 i - a +0 kite shield
 l - a +0 ring mail
Jewellery
 f - a ring of flight
Scrolls
 c - 2 scrolls of fear {unknown}
 g - a scroll of immolation {unknown}
Potions
 b - a potion of magic
 h - a potion of brilliance
 k - a potion of mutation
 n - a potion of heal wounds {unknown}


   Skills:
 + Level 1.6 Fighting
 - Level 1.7 Dodging
 - Level 2.4 Stealth
 + Level 1.2 Shields
 + Level 2.7 Spellcasting
 * Level 1.5 Conjurations
 * Level 4.6 Earth Magic
 - Level 2.0 Alchemy


You had 3 spell levels left.
You knew the following spells:

 Your Spells              Type           Power      Damage    Failure   Level
a - Sandblast             Erth           34%        2d9       2%          1
b - Passwall              Alch/Erth      10%        N/A       8%          2
c - Stone Arrow           Conj/Erth      24%        3d8       16%         3

Your spell library contained the following spells:

 Spells                   Type           Power      Damage    Failure   Level
 Petrify                  Alch/Erth      12%        N/A       43%         4
 Brom's Barrelling Bould  Conj/Erth      12%        2d4       47%         4


Dungeon Overview and Level Annotations

Branches:
Dungeon (3/15)

Altars:

Annotations:
D:3 Sigmund, Terence


Innate Abilities, Weirdness & Mutations

You cannot be hasted, slowed, berserked, paralysed or teleported.
You can dig through walls and to a lower floor.
You have a pair of large antennae on your head. (SInv)
Your four strong arms can wield two-handed weapons with a shield.


Message History

You feel less confused.
Aiming: Sandblast (safe; 2% risk of failure)
Press: ? - help, Q - select action, (/) - cycle Shift-Dir - straight line, f/p - Sigmund
Aim: Sigmund, wielding a +0 scythe and wearing a +0 robe (lightly wounded, 80% to hit)
The blast of sand hits Sigmund!
Sigmund is heavily wounded.
Sigmund hits you from afar with a +0 scythe.
Unknown command.
Aiming: Sandblast (safe; 2% risk of failure)
Press: ? - help, Q - select action, (/) - cycle Shift-Dir - straight line, f/p - Sigmund
Aim: Sigmund, wielding a +0 scythe and wearing a +0 robe (heavily wounded, 80% to hit)
The blast of sand hits Sigmund!
Sigmund is almost dead.
The endoplasm hits you.
Sigmund hits you from afar with a +0 scythe.
The endoplasm hits you. Terence attacks as he pursues you!
Terence hits you with a +3 short sword of venom!
Aiming: Sandblast (safe; 2% risk of failure)
Press: ? - help, Q - select action, (/) - cycle Shift-Dir - straight line, f/p - Sigmund
Aim: Sigmund, wielding a +0 scythe and wearing a +0 robe (almost dead, 80% to hit)
The blast of sand hits the endoplasm.
You kill the endoplasm!
Sigmund barely misses you. Terence misses you.
Aiming: Sandblast (safe; 2% risk of failure)
Press: ? - help, Q - select action, (/) - cycle Shift-Dir - straight line, f/p - Sigmund
Aim: Sigmund, wielding a +0 scythe and wearing a +0 robe (almost dead, 80% to hit)
The blast of sand hits Sigmund.
Sigmund is almost dead.
Terence barely misses you.
Sigmund hits you from afar with a +0 scythe!
* * * LOW HITPOINT WARNING * * *
Terence barely misses you.
Unknown command.
Unknown command.
You fade into invisibility!
Sigmund gestures at you while chanting. The magic dart hits you!
You die...
Sigmund begins carving another notch in his scythe.

##########
#........# #
#######........##..
#....$@.@.........#
#..#####@.......#
#####........#
#....$.......###..
.@.#######........#
# #...####...
#..#.# ## { {
....##.# ##### #.#


You could see Sigmund (unable to see you) and Terence (unable to see you).

Vanquished Creatures
  3 adders
  5 worms
  3 dart slugs
  7 ball pythons
  3 bats
  4 endoplasms
  4 giant cockroaches
  6 hobgoblins
  4 jackals (D:1)
  A quokka (D:1)
  7 frilled lizards
  4 kobolds
  7 rats
58 creatures vanquished.

Notes
Turn   | Place    | Note
-------+----------+-------------------------------------------
     0 | D:1      | Bnni the Formicid Earth Elementalist began the quest for
                  | the Orb.
     0 | D:1      | Reached XP level 1. HP: 13/13 MP: 3/3
    85 | D:1      | Found a faded altar of an unknown god.
   137 | D:1      | Reached XP level 2. HP: 20/20 MP: 1/5
   325 | D:1      | Reached skill level 4 in Earth Magic
   352 | D:1      | Reached XP level 3. HP: 5/25 MP: 2/6
   487 | D:1      | Reached skill level 1 in Fighting
  1082 | D:1      | Learned a level 2 spell: Passwall
  1086 | D:1      | Learned a level 3 spell: Stone Arrow
  1375 | D:2      | Reached XP level 4. HP: 32/32 MP: 3/7
  1431 | D:2      | Reached skill level 1 in Conjurations
  1591 | D:2      | Reached skill level 1 in Shields
  2065 | D:3      | Reached XP level 5. HP: 28/37 MP: 4/9
  2188 | D:3      | Noticed Sigmund
  2197 | D:3      | Noticed Terence
  2205 | D:3      | Killed from afar by Sigmund

Illustrated notes

Levels and vault maps discovered:
D:1:      lemuel_arrival_behind_the_door_large, layout_basic,
          shapermc_ecumenical_altar_totnotflames
D:2:      layout_basic, minivault_4
D:3:      layout_rooms, uniq_sigmund, uniq_ijyb, uniq_jessica, uniq_terence,
          uniq_robin

Skill      XL: |  1  2  3  4 |
---------------+-------------+-----
Alchemy        | 2 |  2.0
Earth Magic    | 4 |  4.6
Fighting       | 1 |  1.6
Conjurations   | 1 |  1.5
Shields        | 1 |  1.2
Dodging        | |  1.7
Stealth        | |  2.4
Spellcasting   | |  2.7

Action                     |  1- 3 |  4- 6 || total
---------------------------+-------+-------++-------
  Melee: Unarmed           |    23 |       ||    23
   Cast: Sandblast         |    52 |    39 ||    91
    Use: Scroll            |       |     3 ||     3
         Potion            |       |     1 ||     1
 Armour: Robe              |    24 |    14 ||    38
  Dodge: Dodged            |    36 |     9 ||    45

Table legend: (Time is in decaauts)
 A = Elapsed time spent in this place.
 B = Non-inter-level travel time spent in this place.
 C = Inter-level travel time spent in this place.
 D = Time resting spent in this place.
 E = Time spent auto-exploring this place.
 F = Levels seen in this place.
 G = Mean time per level.
                   A        B        C        D        E       F      G
               +--------+--------+--------+--------+--------+-----+--------+
         Total |   2250 |   2215 |     35 |      0 |   1814 |   3 |  750.0 |
       Dungeon |   2250 |   2215 |     35 |      0 |   1814 |   3 |  750.0 |
               +--------+--------+--------+--------+--------+-----+--------+

Top non-repeatable levels by time:
     D:1: 1114 daAuts
     D:2: 974 daAuts
     D:3: 161 daAuts
